 Dungeon Crawl Stone Soup version 0.29.0-4-gdea44cf6ec (webtiles) character file.

Game seed: 13757075258804537115

6065 Shayle the Covert (level 10, -11/61 HPs)
             Began as a Tengu Brigand on Aug 28, 2022.
             Was a Priest of Wu Jian.
             Mangled by an orc warrior
             ... wielding a +0 glaive
              (12 damage)
             ... on level 9 of the Dungeon.
             The game lasted 00:19:54 (8249 turns).

Shayle the Covert (Tengu Brigand)                   Turns: 8249, Time: 00:19:54

Health: -11/61     AC:  6    Str: 11    XL:     10   Next: 87%
Magic:  19/19      EV: 23    Int: 15    God:    Wu Jian [***...]
Gold:   568        SH:  0    Dex: 17    Spells: 18/20 levels left

rFire   . . .      SeeInvis .   a - +3 dagger
rCold   . . .      Faith    .   v - orb {*Rage}
rNeg    . . .      Spirit   .   w - +2 robe of the Old World {rPois Will+}
rPois   +          Reflect  .   (helmet restricted)
rElec   .          Harm     .   c - +1 cloak
rCorr   .          Rampage  .   (no gloves)
Will    +....      Rage     20% (boots unavailable)
Stlth   ++++......              (no amulet)
HPRegen 0.20/turn               f - +4 ring of slaying
MPRegen 0.16/turn               z - +4 ring of evasion

@: flying quickly and evasively, quick
A: beak, talons 3, nimble flight
a: Renounce Religion, Wall Jump, Serpent's Lash


You were on level 9 of the Dungeon.
You worshipped Wu Jian.
Wu Jian was most pleased with you.
You visited 2 branches of the dungeon, and saw 10 of its levels.

You collected 568 gold pieces.

Inventory:

Hand Weapons
 a - a +3 dagger (weapon)
 F - a +2 vorpal flail
 J - a +6 sling of freezing
Missiles
 d - 29 poisoned darts (quivered)
 e - 3 curare-tipped darts
Armour
 b - a +0 robe
 c - a +1 cloak (worn)
 v - an orb of wrath (worn)
 w - the +2 robe of the Old World (worn) {rPois Will+}
   (You found it on level 4 of the Dungeon)

   rPois:     It protects you from poison.
   Will:      It increases your willpower.
 G - a +1 robe of fire resistance
 O - the +1 ring mail of Failure {Stlth+}
   (You found it on level 8 of the Dungeon)

   Stlth:     It makes you more stealthy.
 R - a +0 troll leather armour
Jewellery
 f - a +4 ring of slaying (left hand)
 s - a +4 ring of protection
 z - a +4 ring of evasion (right hand)
 C - a ring of protection from cold
 E - a ring of magical power
Wands
 A - a wand of digging (8)
 B - a wand of acid (8)
 H - a wand of mindburst (19)
 L - a wand of paralysis (8)
Scrolls
 h - a scroll of vulnerability {unknown}
 j - a scroll of immolation
 l - 2 scrolls of amnesia
 m - a scroll of poison
 o - 5 scrolls of teleportation
 p - 5 scrolls of butterflies
 r - a scroll of magic mapping
 y - 2 scrolls of blinking
 K - a scroll of fear
 P - a scroll of acquirement {unknown}
 Q - a scroll of identify
Potions
 g - 2 potions of lignification
 i - 2 potions of degeneration
 k - 2 potions of attraction
 q - 2 potions of might
 t - a potion of berserk rage
 u - 2 potions of curing
 x - a potion of mutation
 D - a potion of brilliance
 I - 2 potions of magic
 M - a potion of resistance {unknown}
 N - 2 potions of flight {unknown}


   Skills:
 + Level 6.7 Fighting
 - Level 2.1(4.6) Short Blades
 + Level 6.5(6.7) Long Blades
 - Level 2.0 Throwing
 + Level 7.1 Dodging
 + Level 8.1 Stealth
 + Level 5.6 Spellcasting
 - Level 2.7 Hexes
 + Level 5.6 Ice Magic


You had 18 spell levels left.
You knew the following spells:

 Your Spells              Type           Power      Damage    Failure   Level
a - Ensorcelled Hibernat  Hex/Ice        32%        N/A       4%          2

Your spell library contained the following spells:

 Spells                   Type           Power      Damage    Failure   Level
 Slow                     Hex            48%        N/A       4%          1
 Beastly Appendage        Tmut           8%         N/A       16%         1
 Sandblast                Erth           8%         2d5       16%         1
 Confusing Touch          Hex            12%        N/A       16%         3
 Passwall                 Tmut/Erth      3%         N/A       24%         2
 Wereblood                Tmut           4%         N/A       24%         2
 Portal Projectile        Hex/Tloc       16%        N/A       26%         3
 Call Canine Familiar     Summ           4%         N/A       43%         3
 Spider Form              Tmut/Pois      4%         N/A       43%         3
 Stone Arrow              Conj/Erth      8%         3d7       43%         3
 Swiftness                Air            4%         N/A       43%         3
 Vampiric Draining        Necr           4%         2d6       43%         3
 Anguish                  Hex/Necr       4%         N/A       65%         4
 Leda's Liquefaction      Hex/Erth       4%         N/A       65%         4
 Airstrike                Air            2%         2d(1-17)  83%         4
 Summon Lightning Spire   Summ/Air       4%         N/A       83%         4
 Yara's Violent Unravell  Hex/Tmut       4%         3d4       94%         5
 Lightning Bolt           Conj/Air       2%         1d13      99%         5
 Enfeeble                 Hex            6%         N/A       100%        7


Dungeon Overview and Level Annotations

Branches:
Dungeon (9/15)             Temple (1/1) D:7             Orc (0/2) D:9
   Lair: D:8-11

Altars:
Ashenzari
Cheibriados
Dithmenos
Elyvilon
Fedhas
Gozag
Hepliaklqana
Kikubaaqudgha
Makhleb
Nemelex Xobeh
Okawaru
Qazlal
Ru
Sif Muna
Trog
Uskayaw
Vehumet
Wu Jian
Xom
Yredelemnul
Zin
The Shining One

Annotations:
D:8 1 transporter


Innate Abilities, Weirdness & Mutations

You have a beak for a mouth.
You have claws for feet.
Your magical nature lets you fly swiftly and evasively.


Message History

You lunge at the orc warrior.
You hit the orc warrior but do no damage.
Your kick misses the orc warrior.
The orc warrior is lightly wounded.
The orc warrior barely misses you.
Unknown command.
You spin and attack the orc warrior.
You puncture the orc warrior! Your kick misses the orc warrior.
Your peck misses the orc warrior.
The orc warrior is moderately wounded.
Unknown command.
The orc warrior hits you with a +0 glaive!
You hit the orc warrior but do no damage.
You claw the orc warrior!
The orc warrior is heavily wounded.
Unknown command.
You spin and attack the orc warrior.
You hit the orc warrior but do no damage.
You claw the orc warrior.
The orc warrior is severely wounded.
You spin and attack the orc.
You hit the orc.
The orc is heavily wounded.
The orc warrior seems less confused.
The orc barely misses you.
The orc warrior hits you with a +0 glaive!!
* * * LOW HITPOINT WARNING * * *
Unknown command.
You feel much better. The orc completely misses you.
The orc warrior hits you with a +0 glaive!
* * * LOW HITPOINT WARNING * * *
Unknown command.
Aiming: Wall Jump
Press: ? - help, Dir - move target, p - orc warrior You repeatedly attack the orc from above.
You puncture the orc!
You kill the orc!
The Council accepts your kill.
You recover from your berserk rage.
The orc warrior hits you from afar with a +0 glaive!
* * * LOW HITPOINT WARNING * * *
The orc warrior hits you from afar with a +0 glaive!
You die...

#######################
#.....................#
#.....o○°○......).....#
......>.°@°)##.))......###
........○°○)..)$.)......).
.!.......)..)...)).)#..##.
...............!...$#..##.
.).....................#..
########################..
##..##.#.........
#....#..##.......
###...#...........


You could see an orc warrior.

Vanquished Creatures
  An ugly thing (D:9)
  Joseph (D:7)
  A troll (D:9)
  Grinder (D:6)
  A hornet (D:7)
  4 yaks (D:8)
  A wyvern (D:8)
  Eustachio (D:6)
  Menkaure (D:5)
  2 steam dragons
  A swamp drake (D:9)
  An ice beast (D:7)
  A hornet zombie (D:6)
  2 black bears
  An ogre (D:9)
  4 centaurs
  Blork the orc (D:5)
  5 bullfrogs
  3 necrophages
  2 scorpions
  2 water moccasin zombies (D:6)
  4 wights (D:7)
  6 killer bees (D:9)
  6 howler monkeys
  4 orc priests
  A jelly (D:5)
  Crazy Yiuf (D:5)
  2 gnoll boudas (D:6)
  A centaur skeleton (D:6)
  5 hounds
  6 iguanas
  7 orc wizards
  Terence (D:3)
  A killer bee zombie (D:6)
  15 gnolls
  2 howler monkey skeletons (D:6)
  7 adders
  A shadow imp (D:7)
  4 white imps
  3 ufetubi
  A worm (D:2)
  2 dart slugs
  26 orcs
  5 bats
  3 endoplasms (D:1)
  5 giant cockroaches
  7 goblins
  6 hobgoblins
  8 jackals
  A quokka (D:4)
  5 ball pythons
  4 frilled lizards
  7 kobolds
  5 rats
199 creatures vanquished.

Vanquished Creatures (others)
  2 withered plants (D:6)
2 creatures vanquished.

Grand Total: 201 creatures vanquished

Notes
Turn   | Place    | Note
-------+----------+-------------------------------------------
     0 | D:1      | Shayle the Tengu Brigand began the quest for the Orb.
     0 | D:1      | Reached XP level 1. HP: 12/12 MP: 2/2
   280 | D:1      | Reached XP level 2. HP: 17/17 MP: 3/3
   466 | D:1      | Learned a level 2 spell: Ensorcelled Hibernation
   794 | D:1      | Reached XP level 3. HP: 22/22 MP: 5/5
  1020 | D:2      | Reached skill level 1 in Spellcasting
  1463 | D:2      | Found a faded altar of an unknown god.
  1548 | D:3      | Found a blossoming altar of Fedhas.
  1671 | D:3      | Reached XP level 4. HP: 27/27 MP: 6/6
  1686 | D:3      | Reached skill level 1 in Ice Magic
  1854 | D:3      | Found an ornate altar of the Wu Jian Council.
  1885 | D:3      | Became a worshipper of the Wu Jian Council
  2133 | D:3      | Found a stormy altar of Qazlal.
  2133 | D:3      | Noticed Terence
  2140 | D:3      | Killed Terence
  2273 | D:3      | Gained mutation: Your magical nature lets you fly swiftly
                  | and evasively. [Tengu growth]
  2273 | D:3      | Reached XP level 5. HP: 31/31 MP: 8/8
  2521 | D:4      | Reached skill level 1 in Long Blades
  2521 | D:4      | Reached skill level 1 in Hexes
  2660 | D:4      | Found a white marble altar of Elyvilon.
  2661 | D:4      | Found a hazy altar of Hepliaklqana.
  2717 | D:4      | Identified the +2 robe of the Old World {rPois Will+}
  2839 | D:4      | Reached XP level 6. HP: 37/37 MP: 9/9
  3579 | D:5      | Entered Level 5 of the Dungeon
  3609 | D:5      | Found an opulent altar of Gozag.
  3788 | D:5      | Found a shadowy altar of Dithmenos.
  3804 | D:5      | Reached skill level 5 in Stealth
  3990 | D:5      | Found a runed translucent door.
  3991 | D:5      | Noticed Crazy Yiuf
  3997 | D:5      | Killed Crazy Yiuf
  3998 | D:5      | Reached XP level 7. HP: 41/41 MP: 11/11
  4122 | D:5      | Noticed Menkaure
  4124 | D:5      | Killed Menkaure
  4154 | D:5      | Reached * piety under Wu Jian
  4166 | D:5      | Noticed Blork the orc
  4173 | D:5      | Killed Blork the orc
  4553 | D:5      | Reached XP level 8. HP: 32/48 MP: 13/13
  4979 | D:6      | Reached skill level 6 in Stealth
  5037 | D:6      | Noticed Grinder
  5043 | D:6      | Killed Grinder
  5135 | D:6      | Reached XP level 9. HP: 52/52 MP: 15/15
  5292 | D:6      | Reached skill level 5 in Dodging
  5345 | D:6      | Reached ** piety under Wu Jian
  5583 | D:6      | Noticed Eustachio
  5596 | D:6      | Killed Eustachio
  5886 | D:7      | Reached skill level 5 in Fighting
  6225 | D:7      | Noticed Joseph
  6230 | D:7      | Killed Joseph
  6277 | D:7      | Found a staircase to the Ecumenical Temple.
  6285 | Temple   | Entered the Ecumenical Temple
  6299 | D:7      | Reached skill level 5 in Long Blades
  6301 | D:7      | Reached skill level 7 in Stealth
  6405 | D:7      | Noticed a hornet
  6417 | D:7      | Killed a hornet
  6557 | D:7      | Reached XP level 10. HP: 60/60 MP: 18/18
  6823 | D:8      | Found an ancient bone altar of Kikubaaqudgha.
  7038 | D:8      | Reached skill level 5 in Spellcasting
  7039 | D:8      | Reached skill level 5 in Ice Magic
  7170 | D:8      | Reached *** piety under Wu Jian
  7211 | D:8      | Identified the +1 ring mail of Failure {Stlth+}
  7268 | D:8      | Found a glowing golden altar of the Shining One.
  7778 | D:8      | Found a sparkling altar of Nemelex Xobeh.
  7778 | D:8      | Found a transporter.
  7778 | D:8      | Noticed a red ugly thing
  7779 | D:8      | Noticed a manticore
  7922 | D:9      | Noticed a brown ugly thing
  7926 | D:9      | Killed a brown ugly thing
  7992 | D:9      | Found a bloodstained altar of Trog.
  8097 | D:9      | Reached skill level 8 in Stealth
  8215 | D:9      | Found a staircase to the Orcish Mines.
  8249 | D:9      | HP: 1/61 [orc warrior/+0 glaive (17)]
  8249 | D:9      | Mangled by an orc warrior

Illustrated notes

Levels and vault maps discovered:
D:1:      saegor_arrival_simple_d, layout_basic, minmay_hexomino_c4
D:2:      layout_loops_cross, nicolae_ecumenical_oubliette, glass_columns_a
D:3:      layout_loops_ring, mainiacjoe_overflow_catwalk,
          grunt_qazlal_sundering, lemuel_tele_altar, uniq_terence
D:4:      layout_layer_cave, minitemple, hangedman_minor_gate_pass
D:5:      minmay_chambers_of_threes, layout_loops_corners, kennysheep_mini_moat,
          mainiacjoe_overflow_brackets, uniq_blork_the_orc, uniq_menkaure,
          uniq_crazy_yiuf_cottage
D:6:      layout_loops_ring, serial_undead, serial_undead_a, serial_undead_e,
          serial_undead_e, serial_undead_d, minivault_27, uniq_eustachio,
          uniq_grinder
D:7:      layout_gridville, minmay_temple_entry_tees, uniq_joseph
D:8:      layout_basic, grunt_nemelex_the_gamble, nicolae_tso_carved_into_rock,
          kiku_gazebo_pond_becter
D:9:      layout_cave_pools, trog_three_pillars_becter, erik_orc_1
Temple:   minmay_freezing_vapour_temple

Skill      XL: |  1  2  3  4  5  6  7  8  9 10 |
---------------+-------------------------------+-----
Spellcasting   | 1 2 3 4 5 |  5.6
Dodging        | 2 3 4 6 7 |  7.1
Ice Magic      | 1 2 3 4 5 |  5.6
Long Blades    | 1 2 3 5 6 |  6.5
Hexes          | 1 2 |  2.7
Fighting       | 3 4 5 6 |  6.7
Stealth        | 5 6 7 8 |  8.1
Short Blades   | |  2.1
Throwing       | |  2.0

Action                   |  1- 3 |  4- 6 |  7- 9 | 10-12 || total
-------------------------+-------+-------+-------+-------++-------
Melee: Dagger            |    58 |    59 |   212 |   123 ||   452
       Peck              |     5 |     5 |    34 |    14 ||    58
       Kick              |    11 |     7 |    63 |    42 ||   123
Throw: Dart              |     1 |     6 |       |       ||     7
Invok: Lunge             |       |    11 |    24 |    21 ||    56
       Whirlwind         |       |       |    34 |    56 ||    90
 Abil: Wall Jump         |       |       |     5 |     4 ||     9
Evoke: Wand              |       |       |       |     1 ||     1
  Use: Scroll            |     4 |       |    11 |     2 ||    17
       Potion            |       |       |    10 |     2 ||    12
 Stab: Sleeping          |     8 |    13 |     7 |    13 ||    41
       Invisible         |       |       |     3 |       ||     3
       Distracted        |       |       |     1 |       ||     1
Armor: Robe              |     6 |     6 |    19 |     5 ||    36
       Skin              |       |       |   102 |       ||   102
Dodge: Dodged            |    19 |    27 |   165 |    52 ||   263
